 Dungeon Crawl Stone Soup version 0.19.0 (webtiles) character file.

1254 McCoppin the Fighter (level 8, 0/51 HPs)
             Began as a Spriggan Gladiator on Nov 1, 2016.
             Was an Initiate of Gozag.
             Slain by a sky beast (3 damage)
             ... on level 6 of the Dungeon.
             The game lasted 00:28:23 (8352 turns).

McCoppin the Fighter (Spriggan Gladiator)           Turns: 8352, Time: 00:28:24

Health: 0/51       AC:  3    Str:  3 (11) XL:     8   Next: 26%
Magic:  9/9        EV: 22    Int:  5 (9)  God:    Gozag
Gold:   294        SH:  0    Dex: 15 (19) Spells: 0 memorised, 7 levels left

rFire  . . .     SeeInvis +     a - +0 long sword
rCold  . . .     Gourm    .     b - +0 robe
rNeg   . . .     Faith    .     (shield restricted)
rPois  .         Spirit   .     c - +0 hat
rElec  .         Reflect  .     (no cloak)
rCorr  .         Harm     .     (gloves unavailable)
MR     +....                    (boots unavailable)
Stlth  +++.......               (no amulet)
                                (no ring)
                                (no ring)

@: very quick
A: unfitting armour, rugged brown scales 1, see invisible, deterioration 1,
herbivore 3, speed 3, slow metabolism 2, wild magic 1
a: Potion Petition, Call Merchant, Bribe Branch, Renounce Religion


You were on level 6 of the Dungeon.
You worshipped Gozag.
Gozag was aware of your devotion.
You were not hungry.

You visited 2 branches of the dungeon, and saw 8 of its levels.

You collected 386 gold pieces.
You paid 92 gold pieces to Gozag.

Inventory:

Hand Weapons
 a - a +0 long sword (weapon)
Armour
 b - a +0 robe (worn)
 c - a +0 hat (worn)
 g - the +0 pair of gloves of the Shore {-Tele rC+ MR+ Dex+3, unknown}
   (You found it on level 5 of the Dungeon)

   It affects your dexterity (+3).
   It protects you from cold.
   It affects your resistance to hostile enchantments.
   It prevents most forms of teleportation.
Wands
 e - a wand of acid (5/15)
 o - a wand of iceblast (2/15)
 t - a wand of polymorph (8/24)
Scrolls
 d - a scroll of identify
 h - a scroll of random uselessness
 i - 2 scrolls of teleportation {unknown}
 j - 2 scrolls of recharging {unknown}
 k - 5 scrolls of remove curse {unknown}
 l - 2 scrolls of enchant armour
 m - a scroll of enchant weapon
 n - 2 scrolls of noise
 p - a scroll of fear
 q - 3 scrolls of amnesia {unknown}
Potions
 r - a potion of cure mutation
Comestibles
 f - a bread ration
 u - 4 fruits


   Skills:
 - Level 9.9 Fighting
 * Level 4.8 Long Blades
 - Level 2.0 Throwing
 + Level 6.7 Dodging
 + Level 5.5 Stealth


You had 7 spell levels left.
You didn't know any spells.

Dungeon Overview and Level Annotations

Branches:
Dungeon (7/15)             Temple (1/1) D:6

Altars:
Ashenzari
Cheibriados
Dithmenos
Elyvilon
Fedhas
Gozag
Kikubaaqudgha
Makhleb
Okawaru
Qazlal
Ru
Sif Muna
Trog
Uskayaw
Vehumet
Yredelemnul
Zin
The Shining One

Annotations:
D:5 exclusion: door
D:7 Dowan


Innate Abilities, Weirdness & Mutations

You are very small and have problems with some larger weapons.
You are too small for most types of armour.
You have supernaturally acute eyesight. (SInv)
You are a herbivore.
You cover ground extremely quickly.
You need consume almost no food.
You are partially covered in rugged brown scales. (AC +1, +3% HP)
Your body sometimes deteriorates upon taking damage.
Your spells are a little harder to cast, but a little more powerful.


Message History

The sky beast is moderately wounded.
You miss the sky beast.
The sky beast is moderately wounded.
The sky beast completely misses you.
You barely miss the sky beast.
The sky beast is moderately wounded.
The sky beast hits you. The sky beast shocks you.
* * * LOW HITPOINT WARNING * * *
You barely miss the sky beast.
The sky beast is moderately wounded.
The sky beast completely misses you. The sky beast hits you.
* * * LOW HITPOINT WARNING * * *
The sky beast shocks you.
* * * LOW HITPOINT WARNING * * *
You barely miss the sky beast.
The sky beast is moderately wounded.
The sky beast flickers out of sight for a moment.
The sky beast hits you.
You die...
Your body crumbles into a pile of gold.

#.# #.#.#...........#
#.####.#.#############
#......#.# ########[# #.# #
#.# ## #.# ## .##
##.############ ##. ..#
#.....≈Y@.....##### #.#
..#######..#######........#
##. #...........##
#.##.###.# #.
########.....# #.##.###.#
#. .....#
##...######.##...#.# #.
####.# ##Y## #...........#
#< #.# #.# #.#######.### #.
## #.# #.# ##.## #.# ###.
.# #.#
##'###(..######.######...


You could see a sky beast (invisible).

Vanquished Creatures
  Sigmund (D:5)
  Duvessa (D:7)
  A sky beast (D:6)
  An ice beast (D:6)
  A necrophage (D:6)
  A centaur (D:6)
  An ogre (D:6)
  A bullfrog (D:6)
  2 crimson imps (D:5)
  A centaur zombie (D:6)
  A jelly (D:6)
  A centaur skeleton (D:5)
  A bullfrog skeleton (D:5)
  2 worker ants (D:5)
  An adder (D:3)
  A river rat (D:3)
  2 shadow imps
  An ooze (D:2)
  4 worms
  4 dart slugs
  7 leopard geckos
  6 orcs
  A ball python (D:2)
  9 bats
  8 giant cockroaches
  12 hobgoblins
  8 jackals
  A quokka (D:4)
  6 frilled lizards
  3 goblins
  7 kobolds
  2 leopard gecko zombies (D:6)
  10 rats
109 creatures vanquished.

Notes
Turn   | Place    | Note
-------+----------+-------------------------------------------
     0 | D:1      | McCoppin the Spriggan Gladiator began the quest for the Orb.
     0 | D:1      | Reached XP level 1. HP: 10/10 MP: 2/2
   128 | D:1      | Reached skill level 2 in Fighting
   150 | D:1      | Reached XP level 2. HP: 15/15 MP: 3/3
   598 | D:1      | Reached XP level 3. HP: 13/19 MP: 4/4
  1189 | D:2      | Gained mutation: Your body sometimes deteriorates upon taking damage. [potion of mutation]
  1189 | D:2      | Gained mutation: You are partially covered in rugged brown scales. (AC +1, +3% HP) [potion of mutation]
  1189 | D:2      | Gained mutation: Your spells are a little harder to cast, but a little more powerful. [potion of mutation]
  2430 | D:3      | Reached skill level 1 in Stealth
  2514 | D:3      | Reached XP level 4. HP: 21/23 MP: 5/5
  3057 | D:3      | Reached skill level 3 in Fighting
  3323 | D:4      | Noticed an ogre
  3374 | D:4      | Reached skill level 9 in Fighting
  3374 | D:4      | Reached XP level 5. HP: 11/38 MP: 6/6
  3418 | D:3      | HP: 1/38 [poisoned by an adder]
  4193 | D:4      | Noticed a phantom
  4614 | D:5      | Entered Level 5 of the Dungeon
  4793 | D:5      | Reached XP level 6. HP: 15/43 MP: 7/7
  5051 | D:5      | Got a pair of smoking gloves
  5303 | D:5      | Noticed Sigmund
  5327 | D:5      | Killed Sigmund
  5327 | D:5      | Reached skill level 5 in Dodging
  5799 | D:5      | Reached XP level 7. HP: 27/46 MP: 8/8
  6461 | D:6      | Found a staircase to the Ecumenical Temple.
  6470 | Temple   | Entered the Ecumenical Temple
  6652 | Temple   | Became a worshipper of Gozag Ym Sagoz the Greedy
  7398 | D:6      | Reached skill level 5 in Stealth
  7398 | D:6      | Reached XP level 8. HP: 35/51 MP: 9/9
  7658 | D:7      | Noticed Duvessa
  7686 | D:7      | HP: 1/50 [Duvessa/short sword (11)]
  7704 | D:7      | Killed Duvessa
  7705 | D:7      | Noticed Dowan
  7994 | D:6      | Found a bloodstained altar of Trog.
  8352 | D:6      | Slain by a sky beast

Skill      XL: |  1  2  3  4  5  6  7 |
---------------+----------------------+-----
Fighting       | 2 9 |  9.9
Long Blades    | 3 4 |  4.8
Stealth        | 1 2 3 5 |  5.5
Dodging        | 5 6 |  6.7
Throwing       | |  2.0

Action                   |  1- 3 |  4- 6 |  7- 9 || total
-------------------------+-------+-------+-------++-------
Melee: Long sword        |   133 |   199 |   197 ||   529
Throw: Throwing net      |     6 |     2 |     1 ||     9
Invok: Potion Petition   |       |       |     1 ||     1
  Use: Potion            |     2 |     4 |     1 ||     7
       Scroll            |       |     5 |     2 ||     7
 Stab: Sleeping          |     3 |     5 |     4 ||    12
       Held in net/web   |     1 |       |     1 ||     2
       Distracted        |       |     1 |     1 ||     2
  Eat: Bread ration      |       |     1 |       ||     1
Armor: Robe              |    19 |    20 |     6 ||    45
Dodge: Dodged            |   163 |   166 |   184 ||   513
       Rpst.: Long sword |    49 |    44 |    65 ||   158
